 Dungeon Crawl Stone Soup version 0.18-b1-10-g3f7de93 (webtiles) character file.

242 juanjsm the Sneak (level 5, -2/25 HPs)
             Began as a Spriggan Enchanter on Apr 29, 2016.
             Engulfed by a cloud of freezing vapour (17 damage)
             ... on level 7 of the Dungeon.
             The game lasted 00:08:09 (2092 turns).

juanjsm the Sneak (Spriggan Enchanter)              Turns: 2092, Time: 00:08:09

Health: -2/25      AC:  3    Str:  4    XL:     5   Next: 81%
Magic:  20/20      EV: 18    Int: 18    God:
Gold:   185        SH:  0    Dex: 16    Spells: 4 memorised, 1 level left

rFire  . . .     SeeInvis +     a - +1 dagger
rCold  . . .     Gourm    .     b - +1 robe
rNeg   . . .     Faith    .     (shield restricted)
rPois  .         Spirit   .     (helmet restricted)
rElec  .         Dismiss  .     (no cloak)
rCorr  .         Reflect  .     (gloves unavailable)
SustAt .         Harm     .     (boots unavailable)
MR     .....                    w - amulet of inaccuracy (curse)
Stlth  +++.......               t - ring of loudness (curse)
                                j - ring of magical power

@: very quick, not resistant to hostile enchantments, fairly stealthy
A: unfitting armour, see invisible, herbivore 3, speed 3, slow metabolism 2
a: no special abilities


You were on level 7 of the Dungeon.
You were full.

You visited 1 branch of the dungeon, and saw 6 of its levels.

You collected 185 gold pieces.

Inventory:

Hand Weapons
 a - a +1 dagger (weapon)
Armour
 b - a +1 robe (worn)
 e - a +0 buckler
Jewellery
 j - a ring of magical power (left hand)
 t - a cursed ring of loudness (right hand)
 v - an uncursed ring of fire {unknown}
 w - a cursed amulet of inaccuracy (around neck)
Scrolls
 i - 2 scrolls of immolation {unknown}
 l - a scroll of recharging {unknown}
 m - a scroll of magic mapping {unknown}
 o - a scroll of fog {unknown}
 q - a scroll of remove curse {unknown}
 s - a scroll of random uselessness {unknown}
 u - a scroll of enchant weapon {unknown}
 x - a scroll of identify {unknown}
Potions
 f - 3 potions of might {unknown}
 g - 2 potions of curing {unknown}
 h - 2 potions of flight {unknown}
 k - 5 potions of heal wounds {unknown}
 n - 2 potions of lignification {unknown}
 p - a potion of brilliance {unknown}
 r - a potion of degeneration {unknown}
Books
 c - a book of Maledictions

   Spells                             Type                      Level
   a - Corona                         Hexes                        1
   b - Ensorcelled Hibernation        Hexes/Ice                    2
   c - Confuse                        Hexes                        3
   d - Tukima's Dance                 Hexes                        3
   e - Dazzling Spray                 Conjuration/Hexes            3
Comestibles
 d - 2 bread rations


   Skills:
 * Level 1.3 Fighting
 + Level 1.1 Short Blades
 + Level 3.3 Dodging
 * Level 7.3 Stealth
 * Level 1.5 Shields
 + Level 3.4 Spellcasting
 + Level 4.2 Hexes
 + Level 1.0 Ice Magic


You had one spell level left.
You knew the following spells:

 Your Spells              Type           Power        Failure   Level  Hunger
a - Corona                Hex            ###....      2%          1    None
b - Ensorcelled Hibernat  Hex/Ice        ##....       12%         2    ##.....
c - Confuse               Hex            ###.....     10%         3    ###....
d - Dazzling Spray        Conj/Hex       ##......     24%         3    ###....


Dungeon Overview and Level Annotations

Branches:
Dungeon (7/15)
 Temple: D:4-7

Altars:
Fedhas
Makhleb
Ru
Xom
Zin


Innate Abilities, Weirdness & Mutations

You are tiny and cannot use many weapons and most armour.
You have supernaturally acute eyesight.
You are a herbivore.
You cover ground extremely quickly.
You need consume almost no food.


Message History

The shaft crumbles and collapses.
Found a scroll labeled OBRARA CYRRAO, a brown potion and 16 gold pieces.
You start resting.
Your magical contamination has completely faded away.
You start resting.
Magic restored.
Eat which item? (? for menu, Esc to quit)
You continue eating. x2
You finish eating.
That bread ration really hit the spot!
Found 25 gold pieces.
Found 13 poisoned needles.
You open the door.
There is an open door here.
Really walk into a travel-excluded area?
Found 11 gold pieces.
You are engulfed in freezing vapours.
Found 18 stones.
You are engulfed in freezing vapours.
Ouch! That really hurt!
You die...

##.## ... ......+ #.##
......# #..# ......#
###.### #.....#
+.....## #.....#
##..#..######.....###
#..#8'8#############
#..#...§§§§§@§§.....
#..#################
.....#?$!$(.......§§§§
####.#################
....................
....##...............
#.... #...........#$..
#.... #.####.####.+.(.


There were no monsters in sight!

Vanquished Creatures
  A howler monkey (D:4)
  2 hounds (D:4)
  An orc priest (D:4)
  4 gnolls (D:3)
  2 adders (D:3)
  2 dart slugs
  A worm (D:3)
  A giant gecko (D:3)
  7 orcs
  4 bats
  2 giant cockroaches (D:4)
  6 goblins
  6 hobgoblins
  A kobold (D:3)
  A quokka (D:2)
  7 giant newts
  2 rats
50 creatures vanquished.

Notes
Turn   | Place    | Note
--------------------------------------------------------------
     0 | D:1      | juanjsm the Spriggan Enchanter began the quest for the Orb.
     0 | D:1      | Reached XP level 1. HP: 9/9 MP: 5/5
   171 | D:3      | Reached XP level 2. HP: 7/14 MP: 6/6
   190 | D:3      | Learned a level 2 spell: Ensorcelled Hibernation
   519 | D:2      | Found a burning altar of Makhleb.
   522 | D:2      | Found a glowing silver altar of Zin.
   522 | D:2      | Noticed an angel
   523 | D:2      | Noticed a cacodemon
  1049 | D:2      | Reached XP level 3. HP: 17/17 MP: 8/8
  1059 | D:2      | Learned a level 3 spell: Confuse
  1229 | D:3      | Reached skill level 5 in Stealth
  1232 | D:3      | Reached skill level 1 in Fighting
  1243 | D:3      | Reached XP level 4. HP: 22/22 MP: 9/9
  1328 | D:3      | Reached skill level 6 in Stealth
  1403 | D:3      | Found a sacrificial altar of Ru.
  1493 | D:3      | Found a blossoming altar of Fedhas.
  1535 | D:5      | Entered Level 5 of the Dungeon
  1762 | D:4      | Learned a level 3 spell: Dazzling Spray
  1781 | D:4      | Reached skill level 1 in Shields
  1781 | D:4      | Reached XP level 5. HP: 25/25 MP: 5/10
  1851 | D:4      | Found a shimmering altar of Xom.
  1853 | D:4      | Found a shimmering altar of Xom.
  1864 | D:4      | Reached skill level 7 in Stealth
  1906 | D:4      | Found a shimmering altar of Xom.
  1958 | D:4      | Reached skill level 1 in Ice Magic
  2014 | D:4      | You fall through a shaft for 3 floors!
  2092 | D:7      | Engulfed by a cloud of freezing vapour

Skill      XL: |  1  2  3  4  5 |
---------------+----------------+-----
Hexes          | 4 |  4.2
Stealth        | 5 6 7 |  7.3
Fighting       | 1 |  1.3
Spellcasting   | 3 |  3.4
Shields        | 1 |  1.5
Ice Magic      | 1 |  1.0
Short Blades   | |  1.1
Dodging        | |  3.3

Action                   |  1- 3 |  4- 6 || total
-------------------------+-------+-------++-------
Melee: Dagger            |    53 |    34 ||    87
 Cast: Corona            |     4 |       ||     4
       Ensorcelled Hiber |    19 |    23 ||    42
       Confuse           |       |     4 ||     4
 Stab: Sleeping          |    19 |    22 ||    41
       Confused          |       |     1 ||     1
  Eat: Bread ration      |       |     1 ||     1
Armor: Robe              |     3 |     3 ||     6
Dodge: Dodged            |    29 |    16 ||    45
